 Dungeon Crawl Stone Soup version 0.24.0-13-gcf9b319 (webtiles) character file.

Game seed: 5314090509886861890, levelgen mode: deterministic

112 Bronimir the Stinger (level 5, -6/37 HPs)
             Began as a Formicid Venom Mage on Apr 18, 2020.
             Mangled by an ice beast (12 damage)
             ... on level 3 of the Dungeon.
             The game lasted 00:06:58 (2859 turns).

Bronimir the Stinger (Formicid Venom Mage)          Turns: 2859, Time: 00:07:00

Health: -6/37      AC:  3    Str: 14    XL:     5   Next: 16%
Magic:  4/9        EV: 12    Int: 14    God:
Gold:   75         SH:  0    Dex: 11    Spells: 4/10 levels left

rFire    . . .     SeeInvis +   a - +1 trident (vamp)
rCold    . . .     Gourm    .   (no shield)
rNeg     . . .     Faith    .   g - +0 robe
rPois    .         Spirit   .   (helmet unavailable)
rElec    .         Reflect  .   (no cloak)
rCorr    .         Harm     .   (no gloves)
MR       .....                  n - +0 pair of boots
Stlth    +.........             (no amulet)
HPRegen  0.12/turn              k - ring of attention (curse)
MPRegen  0.11/turn              (no ring)

@: very slightly contaminated
A: permanent stasis, dig shafts and tunnels, four strong arms, antennae 3
a: Dig, Shaft Self


You were on level 3 of the Dungeon.
You were not hungry.

You visited 1 branch of the dungeon, and saw 3 of its levels.

You collected 75 gold pieces.

Inventory:

Hand Weapons
 a - a +1 vampiric trident (weapon)
 b - a +0 hunting sling
 d - a +0 whip
 i - a +0 quarterstaff
 l - a +0 hand axe
 o - a +0 spear
Missiles
 e - 49 stones (quivered)
 p - 41 sling bullets
Armour
 g - a +0 robe (worn)
 n - a +0 pair of boots (worn)
Jewellery
 k - a cursed ring of attention (left hand)
Scrolls
 f - a scroll of teleportation {unknown}
 h - 2 scrolls of identify {unknown}
 j - a scroll of enchant weapon {unknown}
 m - a scroll of magic mapping {unknown}
Potions
 q - a potion of degeneration {unknown}
 r - a potion of curing
Comestibles
 c - 5 rations
 s - a chunk of flesh


   Skills:
 * Level 1.1 Fighting
 + Level 0.1(0.3) Axes
 + Level 0.1 Maces & Flails
 * Level 0.3 Polearms
 + Level 1.0 Slings
 * Level 1.2 Armour
 + Level 2.0 Dodging
 - Level 2.4 Stealth
 * Level 3.2 Spellcasting
 * Level 1.5 Conjurations
 * Level 4.9 Poison Magic


You had 4 spell levels left.
You knew the following spells:

 Your Spells              Type           Power        Failure   Level  Hunger
a - Sting                 Conj/Pois      ##..         5%          1    #......
b - Poisonous Vapours     Pois/Air       #.....       12%         2    ##.....
c - Mephitic Cloud        Conj/Pois/Air  #.......     26%         3    ###....

Your spell library contained the following spells:

 Spells                   Type           Power        Failure   Level  Hunger
 Olgreb's Toxic Radiance  Pois           ###.....     28%         4    #####..
 Venom Bolt               Conj/Pois      ##........   83%         5    ######.


Dungeon Overview and Level Annotations

Branches:
Dungeon (3/15)

Altars:


Innate Abilities, Weirdness & Mutations

You cannot be hasted, slowed, berserked, paralysed or teleported.
You can dig through walls and to a lower floor.
Your four strong arms can wield two-handed weapons with a shield.
You have a pair of large antennae on your head. (SInv)


Message History

Confirm with . or Enter, or press ? or * to list all spells.
Aiming: Poisonous Vapours (safe; 12% risk of failure)
Press: ? - help, Dir - move target cursor, f - ice beast
Aim: an ice beast (lightly wounded) But poisonous vapours would do no harm to the ice beast!
An ooze comes into view.
You see here a rat corpse.
The ooze quivers.
There is a stone staircase leading down here.
You barely miss the ice beast.
The ice beast is lightly wounded.
The ice beast hits you. The ice beast freezes you!
You closely miss the ice beast.
The ice beast is lightly wounded.
The ice beast hits you. The ice beast freezes you!
* * * LOW HITPOINT WARNING * * *
The ice beast hits you.
* * * LOW HITPOINT WARNING * * *
The ice beast freezes you!
You die...

.# #.# ##.## # #...#### #
## #......# .# .## #...##.#
..# ..## ##.###.# #..#
...####...##.########...###
...'÷...........@Yg........
...####...##.######†#...#.
..## ##.#...# #.# .# .##
###.### #{###.# ## #.#
#.?...# # #.# #.##### #.#
#J# #.# #)# # #.# ...


You could see an ice beast and a hobgoblin.

Vanquished Creatures
  Robin (D:2)
  2 adders (D:3)
  An ooze (D:3)
  3 worms (D:2)
  2 dart slugs
  A leopard gecko (D:2)
  3 orcs (D:3)
  2 giant cockroaches
  9 goblins
  14 hobgoblins
  5 kobolds
  7 bats
  3 frilled lizards
  6 rats
59 creatures vanquished.

Notes
Turn   | Place    | Note
-------+----------+-------------------------------------------
     0 | D:1      | Bronimir the Formicid Venom Mage began the quest for the
                  | Orb.
     0 | D:1      | Reached XP level 1. HP: 13/13 MP: 3/3
   193 | D:1      | Reached XP level 2. HP: 17/19 MP: 0/5
   198 | D:1      | Reached skill level 1 in Conjurations
   208 | D:1      | Learned a level 2 spell: Poisonous Vapours
   687 | D:1      | Reached XP level 3. HP: 25/25 MP: 1/6
   701 | D:1      | You fall into a shaft and drop 1 floor!
  1031 | D:2      | Noticed Robin
  1532 | D:2      | Learned a level 3 spell: Mephitic Cloud
  1578 | D:2      | Reached XP level 4. HP: 31/31 MP: 8/8
  1730 | D:2      | Reached skill level 1 in Armour
  1747 | D:2      | Reached skill level 1 in Fighting
  2391 | D:2      | Killed Robin
  2791 | D:3      | Reached skill level 1 in Slings
  2805 | D:3      | Reached XP level 5. HP: 35/37 MP: 6/9
  2840 | D:3      | Noticed an ice beast
  2859 | D:3      | Mangled by an ice beast

Levels and vault maps discovered:
D:1:      ncdulo_wetmaze, layout_basic
D:2:      layout_rooms, first_ration, uniq_robin
D:3:      layout_loops_corners, chequers_ecumenical_altar_simple,
          kennysheep_generic_room_13, uniq_crazy_yiuf_cottage

Skill      XL: |  1  2  3  4 |
---------------+-------------+-----
Conjurations   | 1 |  1.5
Spellcasting   | 3 |  3.2
Armour         | 1 |  1.2
Fighting       | 1 |  1.1
Slings         | 1 |  1.0
Dodging        | 2 |  2.0
Axes           | |  0.1
Maces & Flails | |  0.1
Polearms       | |  0.3
Stealth        | |  2.4
Poison Magic   | |  4.9

Action                   |  1- 3 |  4- 6 || total
-------------------------+-------+-------++-------
Melee: Whip              |    25 |       ||    25
       Unarmed           |     4 |       ||     4
       Hand axe          |    27 |       ||    27
       Spear             |     8 |    18 ||    26
       Trident           |       |    31 ||    31
 Fire: Hunting sling     |     6 |    28 ||    34
 Cast: Sting             |    17 |     1 ||    18
       Poisonous Vapours |    16 |    13 ||    29
       Mephitic Cloud    |       |     3 ||     3
 Abil: Dig               |     3 |       ||     3
  Use: Potion            |     2 |       ||     2
 Stab: Distracted        |     1 |       ||     1
       Confused          |       |     2 ||     2
  Eat: Chunk             |     3 |     6 ||     9
Armor: Robe              |    15 |    22 ||    37
Dodge: Dodged            |    59 |    72 ||   131
